 Dungeon Crawl Stone Soup version 0.27-a0-1278-g6cbc8dfb29 (webtiles) character file.

Game seed: 3153958760476544444

107 bilbop the Bolt Thrower (level 5, 0/32 HPs)
             Began as a Kobold Hunter on June 12, 2021.
             Succumbed to a kobold's poison
             ... on level 3 of the Dungeon.
             The game lasted 00:08:04 (2018 turns).

bilbop the Bolt Thrower (Kobold Hunter)             Turns: 2018, Time: 00:08:05

Health: 0/32       AC:  3    Str: 11    XL:     5   Next: 10%
Magic:  5/5        EV: 15    Int: 12    God:
Gold:   85         SH:  0    Dex: 15    Spells: 4/4 levels left

rFire    . . .     SeeInvis .   b - +0 dagger
rCold    . . .     Faith    .   (shield restricted)
rNeg     . . .     Spirit   .   c - +0 leather armour
rPois    .         Reflect  .   (no helmet)
rElec    .         Harm     .   (no cloak)
rCorr    .         Rampage  .   (no gloves)
Will     .....                  (no boots)
Stlth    +++.......             (no amulet)
HPRegen  0.10/turn              (no ring)
MPRegen  0.09/turn              (no ring)

@: lethally poisoned (0 -> 0)
A: small, no large weapons, nightstalker 3
a: no special abilities


You were on level 3 of the Dungeon.
You visited 1 branch of the dungeon, and saw 3 of its levels.

You collected 113 gold pieces.
You spent 28 gold pieces at shops.

Inventory:

Hand Weapons
 a - a +1 hand crossbow
 b - a +0 dagger (weapon)
 i - a +0 short sword
Missiles
 d - 7 bolts
 k - 7 curare-tipped darts
Armour
 c - a +0 leather armour (worn)
Scrolls
 f - a scroll of teleportation
 l - a scroll of fear
 n - a scroll of blinking
 r - a scroll of summoning {unknown}
Potions
 g - 2 potions of degeneration {unknown}
 h - a potion of berserk rage {unknown}
 j - a potion of flight {unknown}
 m - a potion of cancellation {unknown}
 p - a potion of haste {unknown}


   Skills:
 * Level 3.5 Fighting
 + Level 2.1 Short Blades
 + Level 5.3 Crossbows
 + Level 3.2 Dodging
 + Level 2.7 Stealth


You had 4 spell levels left.
You didn't know any spells.
Your spell library contained the following spells:

 Spells                   Type           Power      Damage    Failure   Level
 Corona                   Hex            0%         N/A       41%         1
 Ensorcelled Hibernation  Hex/Ice        0%         N/A       54%         2
 Confusing Touch          Hex            0%         N/A       78%         3
 Dazzling Flash           Conj/Hex       0%         N/A       78%         3
 Tukima's Dance           Hex            0%         N/A       78%         3


Dungeon Overview and Level Annotations

Branches:
Dungeon (3/15)

Altars:
Qazlal

Shops:
D:1 ?


Innate Abilities, Weirdness & Mutations

You are small and have problems with some larger weapons.
You are completely attuned to the shadows.


Message History

a - a +1 hand crossbow (weapon)
Fire: 8 bolts
Press: ? - help, Q - select action, (/) - cycle Shift-Dir - straight line, f - gnoll
Aim: a gnoll, wielding a +0 spear (69% to hit)
You shoot a bolt. The bolt hits the gnoll!
The gnoll is almost dead.
A rat comes into view.
b - a +0 dagger (weapon)
A gnoll comes into view. It is wielding a +0 flail.
You barely miss the kobold.
The kobold hits you with a +1 dagger of venom.
You are poisoned.
The gnoll misses you.
The gnoll hits you from afar with a +0 spear.
You closely miss the kobold.
You feel sick.
The kobold hits you with a +1 dagger of venom.
You are more poisoned.
The gnoll hits you from afar with a +0 spear. x2
You hit the kobold.
The kobold is severely wounded.
You feel very sick. The kobold barely misses you. The gnoll closely misses you.
The gnoll misses you.
You are too injured to fight recklessly!
You feel very sick.
* * * LOW HITPOINT WARNING * * *
You feel very sick.
* * * LOW HITPOINT WARNING * * *
You feel sick.
* * * LOW HITPOINT WARNING * * *
You feel sick.
* * * LOW HITPOINT WARNING * * *
You feel sick.
* * * LOW HITPOINT WARNING * * *
You feel sick.
* * * LOW HITPOINT WARNING * * *
You feel sick.
* * * LOW HITPOINT WARNING * * *
You feel sick.
You die...

..##.............'.....
#+#.......#...?..#.....
.......## #.....##.....
.......# #.....##.....
.......# #.....##.....
#......# #.....#...##.
........ ....#...#
#..... ....#...##
#.#### ....@..... #.#
.......... #.#
....K..#.# ....g###.#
....g# .....# .....#
†....# .....#


You could see 2 gnolls and a kobold.

Vanquished Creatures
  A bullfrog zombie (D:3)
  Terence (D:3)
  An adder (D:2)
  A worm (D:3)
  2 bats
  5 endoplasms
  2 giant cockroaches
  2 goblins
  A hobgoblin (D:1)
  5 quokkas
  6 ball pythons
  7 frilled lizards
  5 kobolds
  3 rats
42 creatures vanquished.

Notes
Turn   | Place    | Note
-------+----------+-------------------------------------------
     0 | D:1      | bilbop the Kobold Hunter began the quest for the Orb.
     0 | D:1      | Reached XP level 1. HP: 12/12 MP: 1/1
   271 | D:1      | Reached XP level 2. HP: 18/18 MP: 2/2
   371 | D:1      | Reached skill level 5 in Crossbows
   801 | D:1      | Found a faded altar of an unknown god.
   805 | D:1      | Found Ajav's Magic Scroll Shop.
   992 | D:2      | Reached skill level 1 in Short Blades
   992 | D:2      | Reached XP level 3. HP: 22/22 MP: 3/3
  1094 | D:2      | Found a stormy altar of Qazlal.
  1602 | D:1      | Bought a scroll of identify for 28 gold pieces
  1765 | D:3      | Noticed Terence
  1767 | D:3      | Killed Terence
  1768 | D:3      | Reached XP level 4. HP: 28/28 MP: 4/4
  1940 | D:3      | Reached XP level 5. HP: 29/32 MP: 5/5
  2017 | D:3      | HP: 1/32 [poisoned by a kobold]
  2018 | D:3      | Succumbed to a kobold's poison

Illustrated notes

Levels and vault maps discovered:
D:1:      ncdulo_smallfort, layout_basic, serial_shops, shop,
          basic_ecumenical_altar
D:2:      layout_rooms, basic_altar
D:3:      layout_basic, uniq_ijyb, uniq_terence

Skill      XL: |  1  2  3  4 |
---------------+-------------+-----
Crossbows      | 5 |  5.3
Short Blades   | 1 2 |  2.1
Stealth        | 2 |  2.7
Fighting       | 3 |  3.5
Dodging        | 3 |  3.2

Action                   |  1- 3 |  4- 6 || total
-------------------------+-------+-------++-------
Melee: Short sword       |     2 |       ||     2
       Dagger            |    11 |     3 ||    14
 Fire: Hand crossbow     |    58 |     8 ||    66
  Use: Scroll            |     4 |     1 ||     5
Armor: Leather armour    |     3 |       ||     3
Dodge: Dodged            |    11 |     6 ||    17

Table legend: (Time is in decaauts)
 A = Elapsed time spent in this place.
 B = Non-inter-level travel time spent in this place.
 C = Inter-level travel time spent in this place.
 D = Time resting spent in this place.
 E = Time spent auto-exploring this place.
 F = Levels seen in this place.
 G = Mean time per level.
                   A        B        C        D        E       F      G
               +--------+--------+--------+--------+--------+-----+--------+
         Total |   2030 |   1963 |     67 |      0 |   1744 |   3 |  676.7 |
       Dungeon |   2030 |   1963 |     67 |      0 |   1744 |   3 |  676.7 |
               +--------+--------+--------+--------+--------+-----+--------+

Top non-repeatable levels by time:
     D:1: 966 daAuts
     D:2: 661 daAuts
     D:3: 402 daAuts
